 Dungeon Crawl Stone Soup version 0.28-a0-622-gbaef9634d7 (webtiles) character file.

Game seed: 15699678921290409981

3 robertstho the Magician (level 1, -4/15 HPs)
             Began as a Djinni Fire Elementalist on Oct 7, 2021.
             Slain by a quokka (5 damage)
             ... on level 1 of the Dungeon.
             The game lasted 00:00:32 (405 turns).

robertstho the Magician (Djinni Fire Elementalist)   Turns: 405, Time: 00:00:32

Health: -4/15      AC:  2    Str:  7    XL:     1   Next: 55%
Gold:   7          EV: 12    Int: 16    God:
                   SH:  0    Dex: 13

rFire   + + .      SeeInvis .   c - +0 dagger
rCold   x . .      Faith    .   (no shield)
rNeg    . . .      Spirit   .   a - +0 robe
rPois   ∞          Reflect  .   (no helmet)
rElec   .          Harm     .   (no cloak)
rCorr   .          Rampage  .   (no gloves)
Will    .....                   (boots unavailable)
Stlth   ++........              (no amulet)
HPRegen 0.05/turn               (no ring)
MPRegen 0.00/turn               (no ring)

@: flying
A: sickness immunity, fire resistance 2, cold vulnerability 1, float, innate
caster, hp casting, extra vitality 1
a: no special abilities


You were on level 1 of the Dungeon.
You visited 1 branch of the dungeon, and saw 1 of its levels.

You collected 7 gold pieces.

Inventory:

Hand Weapons
 c - a +0 dagger (weapon)
Armour
 a - a +0 robe (worn)
Scrolls
 b - a scroll of silence {unknown}


   Skills:
 * Level 0.1 Fighting
 * Level 0.1 Armour
 + Level 2.2 Dodging
 + Level 1.5 Stealth
 + Level 2.5 Spellcasting


You couldn't memorise any spells.
You knew the following spells:

 Your Spells              Type           Power      Damage    Failure   Level
a - Foxfire               Conj/Fire      40%        2x1d6     7%          1
b - Scorch                Fire           20%        2d6       11%         2
c - Conjure Flame         Conj/Fire      10%        6-21      21%         3
d - Inner Flame           Hex/Fire       10%        N/A       21%         3
e - Flame Wave            Conj/Fire      10%        3d4       56%         4
Your spell library was empty.

Dungeon Overview and Level Annotations

Branches:
Dungeon (1/15)

Altars:


Innate Abilities, Weirdness & Mutations

You are immune to sickness and miasma.
You are immune to poison.
Your flesh is very heat resistant. (rF++)
You are vulnerable to cold. (rC-)
You float through the air rather than walking.
You learn spells naturally, not from books.
Your magical power is your life essence.
You have superior vitality. (+4 HP)


Message History

Press: ? - help, Q - select action, (/) - cycle Dir - look around, f - activate
There is not enough space to conjure foxfire!
The foxfire hits the hobgoblin.
The hobgoblin is moderately wounded.
The hobgoblin hits you.
Unknown command.
The foxfire hits the hobgoblin but does no damage.
The hobgoblin is moderately wounded.
The hobgoblin closely misses you.
You see here a goblin corpse.
Casting: Foxfire (safe; 7% risk of failure)
Press: ? - help, Q - select action, (/) - cycle Dir - look around, f - activate You conjure some foxfire!
The foxfire hits the quokka.
The quokka is heavily wounded.
The hobgoblin closely misses you.
Casting: Foxfire (safe; 7% risk of failure)
Press: ? - help, Q - select action, (/) - cycle Dir - look around, f - activate You conjure some foxfire!
The foxfire hits the hobgoblin.
The hobgoblin is moderately wounded.
The hobgoblin barely misses you.
Casting: Foxfire (safe; 7% risk of failure)
Press: ? - help, Q - select action, (/) - cycle Dir - look around, f - activate You conjure some foxfire!
The foxfire hits the quokka.
The quokka is severely wounded.
The quokka misses you. The hobgoblin hits you.
The foxfire hits the hobgoblin.
The hobgoblin is almost dead.
The quokka bites you.
* * * LOW HITPOINT WARNING * * *
The hobgoblin hits you.
* * * LOW HITPOINT WARNING * * *
The hobgoblin hits you.
* * * LOW HITPOINT WARNING * * *
You aren't carrying any potions.
The quokka barely misses you. The quokka bites you.
You die...

#.# #.# ###.#####.#
#..†......#
#.#........
#g######### #.#
###r## ###..@.#
####..##..#
###.....##..#
##.......##..#
##........##..###
#.........##....#
#+###.........##.##.#
...#................#
#..............####.#


You could see a quokka and a hobgoblin.

Vanquished Creatures
  A goblin (D:1)
  A quokka (D:1)
  A frilled lizard (D:1)
3 creatures vanquished.

Vanquished Creatures (others)
  14 foxfires (D:1)
14 creatures vanquished.

Grand Total: 17 creatures vanquished

Notes
Turn   | Place    | Note
-------+----------+-------------------------------------------
     0 | D:1      | robertstho the Djinni Fire Elementalist began the quest for
                  | the Orb.
     0 | D:1      | Reached XP level 1. HP: 15/15 MP: 0/0
   405 | D:1      | Slain by a quokka

Illustrated notes

Levels and vault maps discovered:
D:1:      dpeg_cavernosity, layout_loops_ring,
          hellmonk_ecumenical_altar_pennies_from_heaven

Action                   || total
-------------------------++-------
 Cast: Foxfire           ||    10
Dodge: Dodged            ||     9

Table legend: (Time is in decaauts)
 A = Elapsed time spent in this place.
 B = Non-inter-level travel time spent in this place.
 C = Inter-level travel time spent in this place.
 D = Time resting spent in this place.
 E = Time spent auto-exploring this place.
 F = Levels seen in this place.
 G = Mean time per level.
                   A        B        C        D        E       F      G
               +--------+--------+--------+--------+--------+-----+--------+
         Total |    404 |    404 |      0 |      0 |    349 |   1 |  404.0 |
       Dungeon |    404 |    404 |      0 |      0 |    349 |   1 |  404.0 |
               +--------+--------+--------+--------+--------+-----+--------+

Top non-repeatable levels by time:
     D:1: 404 daAuts
